 Dungeon Crawl Stone Soup version 0.31-a0-164-g2312942fda (webtiles) character file.

Game seed: 13581072005548107658

205 qw the Chopper (level 5, -2/33 HPs)
             Began as a Gargoyle Fighter on June 13, 2023.
             Killed by divine providence
             ... invoked by an orc priest
              (15 damage)
             ... on level 4 of the Dungeon.
             The game lasted 00:01:17 (2214 turns).

qw the Chopper (Gargoyle Fighter)                   Turns: 2214, Time: 00:01:17

Health: -2/33      AC: 13    Str: 27    XL:     5   Next: 83%
Magic:  5/5        EV:  8    Int:  9    God:
Gold:   166        SH:  4    Dex:  9    Spells: 4/4 levels left

rFire   . . .        e - +1 broad axe (holy)
rCold   . . .        c - +0 buckler
rNeg    + . .        i - +0 chain mail
rPois   inf          (no helmet)
rElec   +            (no cloak)
rCorr   .            (no gloves)
SInv    .            (no boots)
Will    +....        (no amulet) Stlth
                     j - +6 ring of strength
HPRegen 0.25/turn    k - ring of willpower
MPRegen 0.09/turn

%: no passive effects
@: no status effects
A: sickness immunity, AC +4, negative energy resistance 1, electricity
resistance, torment resistance 1, petrification resistance
a: no special abilities


You were on level 4 of the Dungeon.
You visited 2 branches of the dungeon, and saw 6 of its levels.

You collected 166 gold pieces.


Innate Abilities, Weirdness & Mutations

You are immune to sickness and miasma.
Your stone body is resilient. (AC +4)
You are immune to poison.
You resist negative energy. (rN+)
You are resistant to electric shocks. (rElec)
You are resistant to unholy torment.
You are immune to petrification.


   Skills:
 - Level 4.0 Fighting
 + Level 5.0 Axes
 - Level 3.2 Armour
 - Level 3.2 Shields


You had 4 spell levels left.
You didn't know any spells.
Your spell library was empty.

Inventory:

Hand Weapons
 a - a +0 morningstar
 e - a +1 broad axe of holy wrath (weapon)
Missiles
 b - 2 boomerangs (quivered)
Armour
 c - a +0 buckler (worn)
 h - a +2 ring mail of cold resistance
 i - a +0 chain mail (worn)
Jewellery
 j - a +6 ring of strength (left hand)
 k - a ring of willpower (right hand)
 m - an amulet of faith
Scrolls
 f - a scroll of identify
 Y - a scroll of enchant armour
Potions
 d - a potion of might
 g - 2 potions of heal wounds
 l - a potion of ambrosia {unknown}
 n - a potion of curing {unknown}

Dungeon Overview and Level Annotations

Branches:
Dungeon (5/15)             Temple (1/1) D:5

Altars:
Ashenzari
Cheibriados
Dithmenos
Elyvilon
Fedhas
Gozag
Kikubaaqudgha
Ru
Uskayaw
Vehumet
Wu Jian
Xom
Zin
The Shining One


Message History

You barely miss the orc. The orc hits you but does no damage.
You barely miss the orc. The orc hits you with a +0 trident.
The orc priest mumbles some strange prayers to Beogh against you.
You resist with some effort.
You hit the orc.
The orc is lightly wounded.
The orc barely misses you. The orc hits you with a +0 trident.
You slash the orc!
You kill the orc!
The orc priest calls down the wrath of Beogh upon you.
Beogh smites you!
You barely miss the orc priest.
The orc priest hits you with a +0 flail.
The orc priest mumbles some strange prayers to Beogh against you.
You resist with some effort.
The orc priest hits you but does no damage.
You hit the orc priest but do no damage.
You hit the orc priest.
The orc priest mumbles some strange prayers to Beogh against you.
Beogh smites you!
The orc priest hits you but does no damage.
2212 ||| DRINKING 3 potions of heal wounds.
You feel much better.
The orc priest calls down the wrath of Beogh upon you.
Pain shoots through your body! The orc priest barely misses you.
You hit the orc priest but do no damage.
The orc priest is moderately wounded.
You hit the orc priest.
The orc priest calls down the wrath of Beogh upon you.
Beogh smites you!
The orc priest hits you with a +0 short sword.
You closely miss the orc priest.
The orc priest is moderately wounded.
You barely miss the orc priest. The orc priest barely misses you.
The orc priest calls down the wrath of Beogh upon you.
Beogh smites you!
You die...

#................
#................
###+#####'#####..
#....'.......+
#....#.......#
#....#.......# .
#....#.......# ...
############'#.....
.>....o@).......
......o.........
................
................
..............).
..##+#####...... .
...... .....


You could see 2 orc priests.

Vanquished Creatures
  A hound (D:4)
  An orc wizard (D:4)
  6 adders
  2 adder zombies (D:2)
  A worm (D:4)
  5 dart slugs
  8 orcs
  5 ball pythons
  6 bats
  A bat skeleton (D:2)
  A bat zombie (D:2)
  6 endoplasms
  4 giant cockroaches
  2 goblins
  6 hobgoblins
  2 quokkas
  2 frilled lizards
  6 kobolds
  6 rats
71 creatures vanquished.

Notes
Turn   | Place    | Note
-------+----------+-------------------------------------------
     0 | D:1      | qw the Gargoyle Fighter began the quest for the Orb.
     0 | D:1      | Reached XP level 1. HP: 14/14 MP: 1/1
     0 | D:1      | 0 ||| qw: Version: 0.2-a-29-gc1b59c4
     0 | D:1      | 0 ||| qw: Game counter: 4522
     0 | D:1      | 0 ||| qw: Always use a shield: true
     0 | D:1      | 0 ||| qw: God list: Okawaru
     0 | D:1      | 0 ||| qw: Allow faded altars: false
     0 | D:1      | 0 ||| qw: Do Orc after D:15 true
     0 | D:1      | 0 ||| qw: Do second Lair branch before Depths: true
     0 | D:1      | 0 ||| qw: Lair rune preference: random
     0 | D:1      | 0 ||| qw: Plans: Normal, Zot:1-4, Slime:5, God:TSO, Crypt,
                  | Tomb, Abyss, Pan, Hells, Win
     0 | D:1      | 0 ||| PLANNING D:1-11
    29 | D:1      | 29 ||| Stepping ~*~*~tactically~*~*~ (stealth).
    41 | D:1      | Reached skill level 2 in Axes
    61 | D:1      | Reached XP level 2. HP: 19/19 MP: 2/2
    89 | D:1      | 89 ||| Stepping ~*~*~tactically~*~*~ (water).
   191 | D:1      | 191 ||| Stepping ~*~*~tactically~*~*~ (hiding).
   327 | D:1      | Reached skill level 3 in Axes
   395 | D:1      | Reached XP level 3. HP: 23/23 MP: 3/3
   696 | D:1      | 696 ||| READING scroll labelled MASUPL AZIEFUALY.
   697 | D:1      | 697 ||| READING scroll labelled INACOS MAUTOZA.
   837 | D:2      | 837 ||| STAIRDANCE
   944 | D:2      | 944 ||| Stepping ~*~*~tactically~*~*~ (hiding).
  1140 | D:2      | 1140 ||| Stepping ~*~*~tactically~*~*~ (hiding).
  1150 | D:2      | Reached XP level 4. HP: 20/28 MP: 4/4
  1206 | D:2      | Found a faded altar of an unknown god.
  1221 | D:2      | Reached skill level 4 in Axes
  1221 | D:2      | 1221 ||| FLEEEEING.
  1420 | D:2      | 1420 ||| UPGRADING to +6 ring of strength.
  1421 | D:2      | 1421 ||| UPGRADING to ring of willpower.
  1422 | D:2      | 1422 ||| READING 2 scrolls labelled DYZXEO CI YLESSEI.
  1423 | D:2      | 1423 ||| READING scroll of enchant weapon.
  1423 | D:2      | 1423 ||| ENCHANTING +1 war axe.
  1424 | D:2      | 1424 ||| READING scroll labelled TUCANE WIYRAMM.
  1424 | D:2      | Identified a scroll of acquirement
  1424 | D:2      | 1424 ||| ACQUIRING +1 broad axe of holy wrath
  1424 | D:2      | Acquired a +1 broad axe of holy wrath
  1426 | D:2      | 1426 ||| SWAPPING to +1 broad axe of holy wrath.
  1427 | D:2      | 1427 ||| DROPPING +2 war axe.
  1428 | D:2      | 1428 ||| READING scroll labelled YSTECHAUDI.
  1429 | D:2      | 1429 ||| READING scroll labelled UNIWAASEMY.
  1559 | D:3      | Reached XP level 5. HP: 32/32 MP: 5/5
  1571 | D:3      | 1571 ||| Stepping ~*~*~tactically~*~*~ (hiding).
  1722 | D:3      | Found a hide-covered altar of Uskayaw.
  1723 | D:3      | Noticed a +0 hand axe
  1723 | D:3      | Noticed a +0 dagger
  1849 | D:3      | You fall into a shaft and drop 2 floors!
  1849 | D:5      | Entered Level 5 of the Dungeon
  1849 | D:5      | Found a staircase to the Ecumenical Temple.
  1850 | D:5      | 1850 ||| PLANNING TEMPLE
  1850 | D:5      | 1850 ||| UPGRADING to +0 chain mail.
  1860 | D:5      | 1860 ||| DROPPING +0 scale mail.
  1861 | D:5      | 1861 ||| READING 2 scrolls labelled IPTUORH CYRR.
  1862 | D:5      | 1862 ||| READING 2 scrolls of identify.
  1862 | D:5      | 1862 ||| IDENTIFYING cyan potion
  1870 | Temple   | Entered the Ecumenical Temple
  1883 | Temple   | 1883 ||| PLANNING D:1-11
  1932 | D:4      | Reached skill level 5 in Axes
  2092 | D:4      | Found a glowing silver altar of Zin.
  2092 | D:4      | Noticed an angel
  2138 | D:4      | 2138 ||| DROPPING +0 mace.
  2141 | D:4      | 2141 ||| DROPPING +2 flail of protection.
  2144 | D:4      | 2144 ||| Stepping ~*~*~tactically~*~*~ (stealth).
  2198 | D:4      | 2198 ||| Stepping ~*~*~tactically~*~*~ (hiding).
  2211 | D:4      | HP: 2/33 [orc priest/divine providence (12)]
  2212 | D:4      | 2212 ||| DRINKING 3 potions of heal wounds.
  2214 | D:4      | Killed from afar by an orc priest

Levels and vault maps discovered:
D:1:      reono_arrival_forest_river, layout_loops_ring, serial_bayou,
          serial_bayou_pond_c, serial_bayou_crossing, serial_bayou_pond_d,
          serial_bayou_pond_a, feat_on_display
D:2:      layout_rooms, serial_undead, serial_undead_b, serial_undead_f,
          serial_undead_f, serial_undead_e, basic_ecumenical_altar
D:3:      minmay_diamond_boxcup, layout_loops_ring, dancing_weapons_uskayaw
D:4:      layout_gridville, chequers_temple_overflow_statue_of_worship,
          tgw_trog, zin_angel
D:5:      layout_cave_pods, minmay_temple_entry_sparse_star, uniq_blork_the_orc
Temple:   hellmonk_temple_two_chambers

Skill      XL: |  1  2  3  4  5 |
---------------+----------------+-----
Axes           | 2 3 4 5 |  5.0
Fighting       | 4 |  4.0
Armour         | |  3.2
Shields        | |  3.2

Action                     |  1- 3 |  4- 6 || total
---------------------------+-------+-------++-------
  Melee: War axe           |    91 |    24 ||   115
         Broad axe         |       |    92 ||    92
  Throw: Boomerang         |       |    11 ||    11
    Use: Scroll            |     2 |     7 ||     9
         Potion            |       |     1 ||     1
 Armour: Scale mail        |    57 |    46 ||   103
         Chain mail        |       |    26 ||    26
  Dodge: Dodged            |    51 |    52 ||   103
  Block: Buckler           |    21 |    24 ||    45

Table legend:
 A = Non-vault XP
 B = Vault XP
 C = Vault XP percentage of total XP
 D = Non-vault monster count
 E = Vault monster count
 F = Vault count percentage of total count
                 A         B        C        D         E       F
            +---------+---------+-------+---------+---------+-------
      Total |     246 |      48 |  16.3 |      60 |      11 |  15.5
            +---------+---------+-------+---------+---------+-------
        D:1 |      51 |       0 |   0.0 |      21 |       0 |   0.0
        D:2 |      36 |      15 |  29.4 |      12 |       4 |  25.0
        D:3 |      42 |      33 |  44.0 |      10 |       7 |  41.2
        D:4 |     117 |       0 |   0.0 |      17 |       0 |   0.0
            +---------+---------+-------+---------+---------+-------
